 Dungeon Crawl Stone Soup version 0.24-a0-278-gefa1973 (webtiles) character file.

Game seed: 6744761233863149666

20 Hasart the Firebug (level 2, -9/15 HPs)
             Began as a Deep Elf Fire Elementalist on Apr 30, 2019.
             Mangled by Sigmund
             ... wielding a +0 scythe
              (14 damage)
             ... on level 2 of the Dungeon.
             The game lasted 00:00:58 (641 turns).

Hasart the Firebug (Deep Elf Fire Elementalist)      Turns: 641, Time: 00:00:59

Health: -9/15      AC:  2    Str:  7    XL:     2   Next: 58%
Magic:  4/8        EV: 13    Int: 19    God:
Gold:   23         SH:  0    Dex: 15    Spells: 6/7 levels left

rFire    . . .     SeeInvis .   h - +0 short sword
rCold    . . .     Gourm    .   (no shield)
rNeg     . . .     Faith    .   a - +0 robe
rPois    .         Spirit   .   (no helmet)
rElec    .         Reflect  .   (no cloak)
rCorr    .         Harm     .   (no gloves)
MR       .....                  (no boots)
Stlth    ++........             (no amulet)
HPRegen  0.05/turn              g - +2 ring of strength
MPRegen  0.11/turn              (no ring)

@: no status effects
A: no striking features
a: no special abilities


You were on level 2 of the Dungeon.
You were not hungry.

You visited 1 branch of the dungeon, and saw 2 of its levels.

You collected 23 gold pieces.

Inventory:

Hand Weapons
 h - a +0 short sword (weapon)
Armour
 a - a +0 robe (worn)
Jewellery
 g - a +2 ring of strength (left hand)
Scrolls
 d - 3 scrolls of remove curse {unknown}
 f - a scroll of enchant armour {unknown}
 j - 2 scrolls of amnesia {unknown}
Potions
 e - a potion of cancellation {unknown}
 i - a potion of mutation {unknown}
 k - a potion of curing {unknown}
 l - a potion of lignification {unknown}
 m - a potion of invisibility {unknown}
Comestibles
 b - 3 chunks of flesh
 c - 7 rations


   Skills:
 + Level 2.6 Dodging
 - Level 2.4 Stealth
 + Level 3.3 Spellcasting
 * Level 1.9 Conjurations
 * Level 3.7 Fire Magic


You had 6 spell levels left.
You knew the following spells:

 Your Spells              Type           Power        Failure   Level  Hunger
a - Flame Tongue          Conj/Fire      ##...        4%          1    None

Your spell library contained the following spells:

 Spells                   Type           Power        Failure   Level  Hunger
 Throw Flame              Conj/Fire      ##....       7%          2    ##.....
 Conjure Flame            Conj/Fire      ##......     14%         3    ###....
 Inner Flame              Hex/Fire       ##......     21%         3    ###....
 Sticky Flame             Conj/Fire      ##......     43%         4    ####...
 Fireball                 Conj/Fire      ##........   78%         5    ######.


Dungeon Overview and Level Annotations

Branches:
Dungeon (2/15)

Altars:
Hepliaklqana
Uskayaw

Annotations:
D:2 Sigmund


Message History

Aiming: Flame Tongue (safe; 4% risk of failure)
Press: ? - help, Shift-Dir - straight line, f/p - Sigmund
Aim: Sigmund, wielding a +0 scythe, wearing a +0 robe and carrying a wand of flame (6) (lightly wounded)
The flame tongue misses Sigmund.
Casting: Flame Tongue (safe; 4% risk of failure)
Confirm with . or Enter, or press ? or * to list all spells.
Aiming: Flame Tongue (safe; 4% risk of failure)
Press: ? - help, Shift-Dir - straight line, f/p - Sigmund
Aim: Sigmund, wielding a +0 scythe, wearing a +0 robe and carrying a wand of flame (6) (lightly wounded)
The flame tongue misses Sigmund.
Sigmund closely misses you.
Casting: Flame Tongue (safe; 4% risk of failure)
Confirm with . or Enter, or press ? or * to list all spells.
Aiming: Flame Tongue (safe; 4% risk of failure)
Press: ? - help, Shift-Dir - straight line, f/p - Sigmund
Aim: Sigmund, wielding a +0 scythe, wearing a +0 robe and carrying a wand of flame (6) (lightly wounded)
The flame tongue hits Sigmund!
Sigmund is moderately wounded.
Sigmund hits you from afar with a +0 scythe!
Ouch! That really hurt!
You die...

.# #######+###.#
#...........#
#......)....# #..........#
#.....@....# #....!.....#
#....@.....# #..........#
#....?.....# ####)#######
####.# ###############
####....###.............#
##.).....(##.##########.##
#......._.##.#........#.#
#..........#.#.######.#.#


You could see Sigmund.

Vanquished Creatures
  2 dart slugs
  2 bats (D:1)
  2 giant cockroaches
  A goblin (D:1)
  A ball python (D:1)
  2 frilled lizards (D:1)
  3 kobolds (D:1)
  5 rats (D:1)
18 creatures vanquished.

Notes
Turn   | Place    | Note
-------+----------+-------------------------------------------
     0 | D:1      | Hasart the Deep Elf Fire Elementalist began the quest for
                  | the Orb.
     0 | D:1      | Reached XP level 1. HP: 10/10 MP: 6/6
   239 | D:1      | Reached XP level 2. HP: 15/15 MP: 2/8
   605 | D:2      | Found a hazy altar of Hepliaklqana.
   605 | D:2      | Found a hide-covered altar of Uskayaw.
   634 | D:2      | Noticed Sigmund
   641 | D:2      | Mangled by Sigmund

Levels and vault maps discovered:
D:1:      scummos_arrival_forest, layout_basic, minmay_heptomino_d4
D:2:      layout_basic, grunt_temple_overflow_open,
          chequers_ecumenical_altar_twisty, uniq_crazy_yiuf_cottage,
          uniq_jessica, uniq_sigmund

Action                   || total
-------------------------++-------
 Cast: Flame Tongue      ||    32
Armor: Robe              ||     2
Dodge: Dodged            ||     8

Table legend:
 A = Non-vault XP
 B = Vault XP
 C = Vault XP percentage of total XP
 D = Non-vault monster count
 E = Vault monster count
 F = Vault count percentage of total count
                 A         B        C        D         E       F
            +---------+---------+-------+---------+---------+-------
      Total |      22 |       7 |  24.1 |      14 |       4 |  22.2
            +---------+---------+-------+---------+---------+-------
        D:1 |      16 |       7 |  30.4 |      12 |       4 |  25.0
        D:2 |       6 |       0 |   0.0 |       2 |       0 |   0.0
            +---------+---------+-------+---------+---------+-------
